 Dungeon Crawl Stone Soup version 0.30-a0-719-gcc4359ea44 (webtiles) character file.

Game seed: 1947856009630357520

45 M4edhros the Insei (level 3, -2/24 HPs)
             Began as an Octopode Transmuter on Jan 26, 2023.
             Slain by a kobold
             ... wielding a +0 long sword
              (8 damage)
             ... on level 4 of the Dungeon.
             The game lasted 00:00:42 (674 turns).

M4edhros the Insei (Octopode Transmuter)             Turns: 674, Time: 00:00:43

Health: -2/24      AC:  1    Str:  9    XL:     3   Next: 64%
Magic:  6/6        EV: 13    Int: 15    God:
Gold:   61         SH:  0    Dex: 14    Spells: 5/6 levels left

rFire   . . .      SeeInvis .    h - +1 trident (venom)
rCold   . . .      Faith    .    (no shield)
rNeg    . . .      Spirit   .    (helmet restricted)
rPois   .          Reflect  .    (no amulet)
rElec   .          Harm     .    (no ring)
rCorr   .          Rampage  .    (no ring)
Will    .....                    (no ring)
Stlth   ++                       (no ring)
HPRegen 0.24/turn                (no ring)
MPRegen 0.10/turn                (no ring)
                                 (no ring)
                                 (no ring)

@: no status effects
A: almost no armour, amphibious, 8 rings, camouflage 1, gelatinous body 1,
(nimble swimmer 1), tentacles
a: no special abilities


You were on level 4 of the Dungeon.
You visited 1 branch of the dungeon, and saw 4 of its levels.

You collected 61 gold pieces.

Inventory:

Hand Weapons
 h - a +1 trident of venom (weapon)
Jewellery
 f - a ring of ice
Scrolls
 b - 2 scrolls of identify {unknown}
 c - a scroll of enchant weapon {unknown}
 d - a scroll of brand weapon {unknown}
 g - a scroll of poison {unknown}
Potions
 a - a potion of lignification
 e - 2 potions of flight {unknown}


   Skills:
 + Level 1.8 Fighting
 * Level 0.4 Polearms
 + Level 2.5 Dodging
 - Level 3.7 Unarmed Combat
 - Level 2.0 Spellcasting
 - Level 2.0 Transmutations


You had 5 spell levels left.
You knew the following spells:

 Your Spells              Type           Power      Damage    Failure   Level
a - Beastly Appendage     Tmut           14%        N/A       10%         1

Your spell library contained the following spells:

 Spells                   Type           Power      Damage    Failure   Level
 Wereblood                Tmut           7%         N/A       14%         2
 Spider Form              Tmut/Pois      4%         N/A       41%         3
 Ice Form                 Ice/Tmut       4%         N/A       82%         4


Dungeon Overview and Level Annotations

Branches:
Dungeon (4/15)
 Temple: D:4-7

Altars:
Hepliaklqana


Innate Abilities, Weirdness & Mutations

You cannot wear most types of armour.
You are amphibious.
You can wear up to eight rings at the same time.
Your skin changes colour to match your surroundings (Stealth+).
Your rubbery body absorbs attacks. (AC +1, EV +1)
((You are camouflaged when in or above water. (Stealth+)))
You have tentacles for arms and can constrict up to eight enemies at once.


Message History

The jackal attacks as you move away! The jackal barely misses you. x2
The goblin hits you with a +0 club. The jackal bites you.
The jackal bites you but does no damage.
The goblin completely misses you. The jackal attacks as you move away!
The jackal bites you.
A kobold comes into view. It is wielding a +0 long sword.
The jackal barely misses you.
The kobold shouts!
You hit the jackal. Your grab misses the jackal.
The jackal is heavily wounded.
The jackal closely misses you.
You puncture the jackal!
You kill the jackal!
The jackal barely misses you.
You closely miss the jackal. You grab the jackal. You tentacle-slap the jackal.
The jackal is moderately wounded.
You constrict the jackal, but do no damage.
The jackal barely misses you. The jackal bites you.
You hit the jackal.
You kill the jackal!
You puncture the goblin!
You kill the goblin!
The orc wizard mumbles some strange words.
The orc wizard flickers and vanishes!
Deactivating autopickup; reactivate with Ctrl-A.
The orc hits you with a +0 dagger.
* * * LOW HITPOINT WARNING * * *
You hear a shout!
You hit the orc.
The orc is poisoned.
You grab the orc.
The orc is heavily wounded.
You constrict the orc. The orc hits you with a +0 dagger.
* * * LOW HITPOINT WARNING * * *
You puncture the orc!
You kill the orc!
A hobgoblin comes into view.
You hit the kobold. You grab the kobold.
The kobold is moderately wounded.
You constrict the kobold, but do no damage.
The kobold hits you with a +0 long sword!
You die...

# #..# ### #######..### ..#
#########..).......# #.#
#.....##...####..#.#
#.######†#..............#.#
#.##.......#.##.(.####..# #
#.##.###(###.###.#####..#
#.##................##..#
..##.###########@##.##..#
..##.# #K##.##..# ..##.#
#.J...... ..##.# #......#.
..##.# #.)....... .....#
#.#.....#. .##..###### ..
g...>.. .#......... ...
.###.#. .#.......## #... ..
.#


You could see an endoplasm, a hobgoblin and a kobold.

Vanquished Creatures
  2 adders
  5 orcs (D:4)
  A ball python (D:1)
  3 endoplasms
  2 goblins (D:4)
  A hobgoblin (D:4)
  2 jackals (D:4)
  2 kobolds
  A quokka (D:1)
  A rat (D:2)
20 creatures vanquished.

Notes
Turn   | Place    | Note
-------+----------+-------------------------------------------
     0 | D:1      | M4edhros the Octopode Transmuter began the quest for the
                  | Orb.
     0 | D:1      | Reached XP level 1. HP: 13/13 MP: 3/3
   268 | D:2      | Reached XP level 2. HP: 17/18 MP: 5/5
   283 | D:3      | Found a hazy altar of Hepliaklqana.
   372 | D:4      | Reached XP level 3. HP: 15/23 MP: 6/6
   674 | D:4      | Slain by a kobold

Illustrated notes

Levels and vault maps discovered:
D:1:      minmay_arrival_three_doors, layout_loops_cross, minmay_ruptured
D:2:      minmay_diamond_boxcup, layout_basic,
          hellmonk_ecumenical_altar_dog_temple
D:3:      layout_basic, mainiacjoe_overflow_alcove_1
D:4:      layout_loops_ring, grunt_qazlal_sundering, uniq_pargi

Action                     || total
---------------------------++-------
  Melee: Unarmed           ||    36
         Tentacles         ||     8
         Constrict         ||    13
         Punch             ||     3
         Trident           ||    12
   Stab: Sleeping          ||     3
 Armour: Skin              ||     2
  Dodge: Dodged            ||    31

Table legend: (Time is in decaauts)
 A = Elapsed time spent in this place.
 B = Non-inter-level travel time spent in this place.
 C = Inter-level travel time spent in this place.
 D = Time resting spent in this place.
 E = Time spent auto-exploring this place.
 F = Levels seen in this place.
 G = Mean time per level.
                   A        B        C        D        E       F      G
               +--------+--------+--------+--------+--------+-----+--------+
         Total |    673 |    644 |     29 |      0 |    476 |   4 |  168.2 |
       Dungeon |    673 |    644 |     29 |      0 |    476 |   4 |  168.2 |
               +--------+--------+--------+--------+--------+-----+--------+

Top non-repeatable levels by time:
     D:4: 370 daAuts
     D:1: 172 daAuts
     D:2: 100 daAuts
     D:3: 30 daAuts
